 Dungeon Crawl Stone Soup version 0.30.0-17-ge0270778cf (webtiles) character file.

Game seed: 16476741731180915506

7172 Diggabert the Basher (level 11, 0/83 HPs)
             Began as a Human Monk on May 22, 2023.
             Was a Priest of Dithmenos.
             Slain by a vampire mosquito (2 damage)
             ... on level 8 of the Dungeon.
             The game lasted 00:25:34 (10065 turns).

Diggabert the Basher (Human Monk)                  Turns: 10065, Time: 00:25:34

Health: 0/83       AC: 30    Str: 15    XL:     11   Next: 32%
Magic:  14/14      EV:  9    Int: 11    God:    Dithmenos [***...]
Gold:   274        SH: 11    Dex: 16    Spells: 10/10 levels left

rFire   . . .        o - +2 mace (protect)
rCold   . . .        l - +0 buckler
rNeg    . . .        r - +5 chain mail
rPois   .            q - +2 helmet
rElec   .            (no cloak)
rCorr   .            (no gloves)
SInv    .            k - +0 pair of boots
Will    .....        e - amulet of reflection
Stlth   x              - +4 ring of protection
HPRegen 0.33/turn    y - ring of wizardry
MPRegen 0.14/turn

%: reflection, wizardry (x1)
@: under a protective aura, wreathed by umbra
A: no striking features
a: Renounce Religion, Shadow Step


You were on level 8 of the Dungeon.
You worshipped Dithmenos.
Dithmenos was most pleased with you.
You visited 2 branches of the dungeon, and saw 9 of its levels.
You also visited: Sewer.

You collected 436 gold pieces.
You spent 162 gold pieces at shops.

Inventory:

Hand Weapons
 o - a +2 mace of protection (weapon)
 D - a +0 trident of flaming
 I - a +0 morningstar
Missiles
 b - 2 javelins
 g - 4 curare-tipped darts
 j - a throwing net (quivered)
 v - 19 poisoned darts
 z - 12 atropa-tipped darts
 B - 3 boomerangs
Armour
 d - an orb of light
 k - a +0 pair of boots (worn)
 l - a +0 buckler (worn)
 q - a +2 helmet (worn)
 r - a +5 chain mail (worn)
Jewellery
 e - an amulet of reflection (around neck)
 x - a +4 ring of protection (left hand)
 y - a ring of wizardry (right hand)
Wands
 c - a wand of roots (6)
 w - a wand of paralysis (9)
Scrolls
 a - 3 scrolls of vulnerability {unknown}
 f - 8 scrolls of teleportation
 i - 4 scrolls of enchant armour
 n - a scroll of noise
 s - a scroll of fear {unknown}
 u - 5 scrolls of enchant weapon
 C - 3 scrolls of immolation
 J - a scroll of amnesia {unknown}
 K - a scroll of summoning
 L - 2 scrolls of torment {unknown}
Potions
 h - a potion of haste
 m - 2 potions of mutation
 p - 6 potions of curing
 t - 2 potions of magic
 A - 2 potions of attraction
 E - 3 potions of lignification
 F - a potion of brilliance
 G - a potion of might
 H - a potion of invisibility {unknown}


   Skills:
 * Level 6.7 Fighting
 * Level 10.4 Maces & Flails
 * Level 6.1 Armour
 * Level 6.2 Dodging
 * Level 7.7 Shields
 * Level 4.5 Invocations


You had 10 spell levels left.
You didn't know any spells.
Your spell library contained the following spells:

 Spells                   Type           Power      Damage    Failure   Level
 Ozocubu's Armour         Ice            0%         N/A       99%         3
 Ozocubu's Refrigeration  Ice            0%         4d7       100%        7


Dungeon Overview and Level Annotations

Branches:
Dungeon (8/15)             Temple (1/1) D:5            Lair (0/5) D:8
  Sewer (visited)

Altars:
Ashenzari
Dithmenos
Elyvilon
Fedhas
Hepliaklqana
Nemelex Xobeh
Okawaru
Uskayaw
Wu Jian
Xom
Yredelemnul
Zin

Shops:
D:4 *(((*

Annotations:
D:1 1 transporter


Message History

The vampire mosquito bites you but does no damage. x2
You closely miss the vampire mosquito.
The vampire mosquito is lightly damaged.
The vampire mosquito barely misses you.
The vampire mosquito bites you but does no damage.
You closely miss the vampire mosquito.
The vampire mosquito is lightly damaged.
The vampire mosquito bites you but does no damage.
You hit the vampire mosquito.
The vampire mosquito is moderately damaged.
You block the vampire mosquito's attack. x2
You sock the vampire mosquito!
The vampire mosquito is severely damaged.
The vampire mosquito bites you.
* * * LOW HITPOINT WARNING * * *
The vampire mosquito draws strength from your injuries!
You block the vampire mosquito's attack.
You hit the vampire mosquito.
The vampire mosquito is severely damaged.
The vampire mosquito bites you.
* * * LOW HITPOINT WARNING * * *
The vampire mosquito draws strength from your injuries!
You barely miss the vampire mosquito.
The vampire mosquito is severely damaged.
You block the vampire mosquito's attack.
The vampire mosquito bites you but does no damage.
You sock the vampire mosquito!
The vampire mosquito is almost destroyed.
The vampire mosquito bites you.
* * * LOW HITPOINT WARNING * * *
The vampire mosquito draws strength from your injuries!
You block the vampire mosquito's attack.
You barely miss the vampire mosquito.
The vampire mosquito is almost destroyed.
The vampire mosquito bites you but does no damage.
You hit the vampire mosquito.
The vampire mosquito is almost destroyed.
The vampire mosquito bites you but does no damage.
The vampire mosquito bites you.
You die...

♣.♣. ##. ... #.. #.
♣. #.# #.. ♣ #.#
#..####### #.#
##......... #.#
##.......... #.#
#........... #@#
#........... #y#
#...........
#.#####...........
##.................
#......[...........
#.#.>......#####.##
#)#........# #.##
#.#......≈≈≈≈≈≈..##
###.#####≈≈≈≈≈≈≈≈≈≈≈.


You could see a vampire mosquito.

Vanquished Creatures
  The ghost of SkeletonJelly the Merchant of Misery, a novice DsRe of Kikubaaqudgha (D:6)
  An ugly thing (D:7)
  A manticore (D:7)
  Joseph (D:8)
  Psyche (D:8)
  A rime drake (D:7)
  A troll (D:8)
  A polar bear (D:7)
  A wraith (D:6)
  A steam dragon (D:6)
  3 water moccasins
  2 orc warriors
  A sky beast (D:7)
  6 ice beasts
  3 ogres
  2 wolves
  3 centaurs
  4 kobold brigands (Sewer)
  3 bullfrogs
  6 scorpions
  4 wights (D:7)
  10 killer bees
  A howler monkey (D:8)
  6 orc priests
  A gnoll bouda (D:8)
  3 hounds
  2 jellies
  3 sleepcaps
  Jessica (D:2)
  5 iguanas
  9 orc wizards
  3 gnolls
  16 adders
  A river rat (Sewer)
  A shadow imp (D:4)
  An ufetubus (D:5)
  7 worms
  A dart slug (D:1)
  31 orcs
  11 ball pythons
  8 endoplasms
  A giant cockroach (D:3)
  10 goblins
  4 hobgoblins
  8 jackals
  8 quokkas
  2 bats (D:1)
  4 frilled lizards
  A kobold (Sewer)
  8 rats
214 creatures vanquished.

Notes
Turn   | Place    | Note
-------+----------+-------------------------------------------
     0 | D:1      | Diggabert the Human Monk began the quest for the Orb.
     0 | D:1      | Reached XP level 1. HP: 18/18 MP: 1/1
   146 | D:1      | Found a faded altar of an unknown god.
   194 | D:1      | Reached XP level 2. HP: 24/24 MP: 2/2
   407 | D:1      | Reached XP level 3. HP: 29/29 MP: 3/3
  1019 | D:2      | Noticed Jessica
  1024 | D:2      | Killed Jessica
  1025 | D:2      | Reached XP level 4. HP: 34/35 MP: 4/4
  1137 | D:2      | Reached skill level 1 in Armour
  1762 | D:2      | Reached skill level 4 in Maces & Flails
  1914 | D:3      | Reached XP level 5. HP: 41/41 MP: 5/5
  2064 | D:3      | Found a glowing drain.
  2068 | Sewer    | Entered a sewer
  2245 | Sewer    | Reached skill level 1 in Shields
  2374 | Sewer    | Reached XP level 6. HP: 48/48 MP: 6/6
  2831 | Sewer    | Reached skill level 5 in Maces & Flails
  2931 | Sewer    | Reached XP level 7. HP: 42/54 MP: 7/7
  3075 | D:3      | Found an iron altar of Okawaru.
  3075 | D:3      | Found a hazy altar of Hepliaklqana.
  4053 | D:4      | Found Emmipob's Weapon Emporium.
  4250 | D:4      | Found Sudaust's Assorted Antiques.
  4368 | D:4      | Found Laist's Antique Weapon Boutique.
  4394 | D:4      | Found Idariuh's General Store.
  4405 | D:4      | Bought a scroll of identify for 24 gold pieces
  4405 | D:4      | Bought a scroll of blinking for 90 gold pieces
  4405 | D:4      | Bought a scroll of immolation for 48 gold pieces
  4513 | D:4      | Found Kizaedwi's Weapon Shop.
  4598 | D:5      | Entered Level 5 of the Dungeon
  4805 | D:5      | Reached XP level 8. HP: 60/60 MP: 8/8
  4856 | D:5      | Reached skill level 6 in Maces & Flails
  5050 | D:5      | You fall into a shaft and drop 2 floors!
  5496 | D:5      | Found a staircase to the Ecumenical Temple.
  5502 | Temple   | Entered the Ecumenical Temple
  5523 | Temple   | Became a worshipper of Dithmenos the Shadowed
  5523 | Temple   | Reached * piety under Dithmenos
  5523 | Temple   | Reached ** piety under Dithmenos
  5783 | D:6      | Reached skill level 7 in Maces & Flails
  5783 | D:6      | Reached XP level 9. HP: 17/67 MP: 9/9
  6017 | D:6      | Reached skill level 1 in Invocations
  6401 | D:6      | Reached skill level 5 in Fighting
  6401 | D:6      | Reached skill level 5 in Shields
  6698 | D:6      | Reached skill level 5 in Dodging
  6761 | D:6      | Found a runed translucent door.
  6761 | D:6      | Noticed SkeletonJelly's ghost (novice DsRe)
  6800 | D:6      | Killed SkeletonJelly's ghost
  6801 | D:6      | Reached skill level 8 in Maces & Flails
  7254 | D:7      | Reached XP level 10. HP: 74/74 MP: 11/11
  7313 | D:7      | Reached skill level 9 in Maces & Flails
  7350 | D:7      | Reached *** piety under Dithmenos
  7383 | D:7      | Reached skill level 5 in Armour
  7937 | D:8      | Noticed a rime drake
  8490 | D:7      | Killed a rime drake
  8494 | D:8      | Noticed Joseph
  8512 | D:8      | Killed Joseph
  8662 | D:8      | Noticed Psyche
  8677 | D:8      | Killed Psyche
  8678 | D:8      | Reached XP level 11. HP: 65/82 MP: 12/14
  8843 | D:8      | Noticed a red ugly thing
  8846 | D:8      | Noticed a manticore
  8882 | D:7      | HP: 2/83 [red ugly thing (22)]
  9142 | D:7      | Killed a red ugly thing
  9143 | D:7      | Reached skill level 10 in Maces & Flails
  9347 | D:7      | Killed a manticore
  9568 | D:8      | Found a staircase to the Lair.
 10063 | D:8      | HP: 1/83 [vampire mosquito (5)]
 10065 | D:8      | Slain by a vampire mosquito

Illustrated notes

Levels and vault maps discovered:
D:1:      spicycebolla_arrival_risky_transporter, layout_loops_ring,
          shapermc_ecumenical_altar_ellora
D:2:      layout_loops_ring, reono_crystal_passage, uniq_jessica
D:3:      layout_basic, gammafunk_temple_overflow_elements,
          gup_sewer_entry_bowl, serial_curves, eino_curves_04, eino_curves_02
D:4:      layout_loops_corners, serial_shops, nicolae_shop_stone,
          nicolae_shop_bloodbath_and_beyond, nicolae_shop_back_alley_shop,
          nicolae_shop_temple_entry_statues_fountains, shop
D:5:      layout_basic, minmay_temple_entry_fiery, amcnicky_mini_pool_small,
          minmay_crystal_water
D:6:      layout_loops_ring, gammafunk_ghost_grave,
          hangedman_abyss_or_decor_stabs, kennysheep_pointless_box
D:7:      layout_loops_ring, chequers_serial_rivers_room_b, hellmonk_no_cap
D:8:      nzn_winding_woodlands_small [nzn_winding_woodlands_5x15_zeroes,
          nzn_winding_woodlands_center_triple_pond,
          nzn_winding_woodlands_5x15_pool], layout_rooms,
          hellmonk_lair_entry_icy, centaur_isle, uniq_psyche, uniq_joseph
Temple:   nicolae_temple_bog_church

Skill      XL: |  1  2  3  4  5  6  7  8  9 10 11 |
---------------+----------------------------------+-----
Armour         | 1 2 3 4 5 6 |  6.1
Maces & Flails | 4 5 7 8 9 10 | 10.4
Shields        | 1 2 3 4 5 7 |  7.7
Fighting       | 4 5 6 |  6.7
Dodging        | 4 5 6 |  6.2
Invocations    | 2 4 |  4.5

Action                     |  1- 3 |  4- 6 |  7- 9 | 10-12 || total
---------------------------+-------+-------+-------+-------++-------
  Melee: Mace              |    58 |   333 |   450 |   513 ||  1354
    Use: Scroll            |       |     4 |     9 |     3 ||    16
         Potion            |       |       |     2 |     3 ||     5
 Armour: Robe              |     6 |       |       |       ||     6
         Ring mail         |     8 |     9 |       |       ||    17
         Chain mail        |       |   136 |   276 |   398 ||   810
  Dodge: Dodged            |    38 |    92 |   138 |   218 ||   486
  Block: Buckler           |       |   130 |   226 |   334 ||   690
         Reflection        |       |     3 |       |    23 ||    26
